 Dungeon Crawl Stone Soup version 0.20-a0-618-gbb8d3ca (webtiles) character file.

17 M4edhros the Sneak (level 2, 0/18 HPs)
             Began as an Octopode Artificer on Feb 9, 2017.
             Was an Initiate of Gozag.
             Slain by a kobold
             ... wielding a cursed +0 club
              (5 damage)
             ... on level 1 of the Dungeon.
             The game lasted 00:00:57 (498 turns).

M4edhros the Sneak (Octopode Artificer)              Turns: 498, Time: 00:00:58

Health: 0/18       AC:  1    Str: 11    XL:     2   Next: 62%
Magic:  4/4        EV: 13    Int: 13    God:    Gozag
Gold:   40         SH:  0    Dex: 12    Spells: 1/1 levels left

rFire    . . .     SeeInvis .   l - +1 flail (protect)
rCold    . . .     Gourm    .   (no shield)
rNeg     . . .     Faith    .   (helmet restricted)
rPois    .         Spirit   .   (no amulet)
rElec    .         Reflect  .   e - ring of loudness (curse)
rCorr    .         Harm     .   (no ring)
MR       .....                  (no ring)
Stlth    ++........             (no ring)
Regen    0.1/turn               (no ring)
                                (no ring)
                                (no ring)
                                (no ring)

@: gold aura
A: almost no armour, stealthy swim, amphibious, 8 rings, constrict 8, camouflage
1, gelatinous body 1
a: Potion Petition, Call Merchant, Bribe Branch, Renounce Religion


You were on level 1 of the Dungeon.
You worshipped Gozag.
Gozag was noncommittal.
You were not hungry.

You visited 1 branch of the dungeon, and saw 2 of its levels.

You collected 40 gold pieces.

Inventory:

Hand Weapons
 a - a +0 short sword
 l - a +1 flail of protection (weapon)
Missiles
 i - 26 stones (quivered)
Jewellery
 e - a cursed ring of loudness (left tentacle)
 j - an uncursed ring of see invisible {unknown}
Wands
 b - a wand of flame (15/48)
 c - a wand of enslavement (15/24)
 d - a wand of random effects (15/48)
Scrolls
 g - a scroll of identify {unknown}
 h - a scroll of amnesia {unknown}
 k - a scroll of teleportation {unknown}
Potions
 m - a potion of lignification {unknown}
Comestibles
 f - a bread ration


   Skills:
 - Level 1.0 Fighting
 - Level 1.0 Short Blades
 - Level 2.0 Dodging
 + Level 3.7 Stealth
 - Level 3.2 Evocations


You had one spell level left.
You didn't know any spells.

Dungeon Overview and Level Annotations

Branches:
Dungeon (2/15)

Altars:
Gozag


Innate Abilities, Weirdness & Mutations

You cannot wear most types of armour.
You are very stealthy in the water. (Stealth+)
You are amphibious.
You can wear up to eight rings at the same time.
You can use your tentacles to constrict eight enemies at once.
Your skin changes colour to match your surroundings (Stealth+).
Your rubbery body absorbs attacks. (AC +1, EV +1)


Message History

The kobold hits you with a club. The kobold misses you.
The rat closely misses you. The kobold barely misses you.
The kobold hits you but does no damage. The rat bites you but does no damage.
Unknown command.
You closely miss the kobold. Your grab misses the kobold.
Your squeeze misses the kobold. The kobold hits you but does no damage.
The kobold hits you with a club. The rat bites you.
Unknown command.
You barely miss the kobold. Your grab misses the kobold.
You squeeze the kobold.
You kill the kobold!
The rat bites you. The kobold hits you with a club.
Unknown command.
You are too injured to fight recklessly!
You closely miss the kobold. Your grab misses the kobold. The rat bites you.
The kobold hits you with a club.
* * * LOW HITPOINT WARNING * * *
The rat bites you but does no damage. The kobold hits you with a club.
You die...
Your body crumbles into a pile of gold.

#.# $ #.# .#
#.# .#
#.####.####
#.#.=.....##
#...........
###.......##
#(.$.$.[..
#(@K$..... $
#..r....##
#.......#
#########


You could see a kobold and a rat.

Vanquished Creatures
  A dart slug (D:1)
  A bat (D:1)
  A giant cockroach (D:1)
  2 hobgoblins (D:1)
  2 jackals (D:1)
  3 goblins
  2 kobolds (D:1)
  2 rats (D:1)
14 creatures vanquished.

Notes
Turn   | Place    | Note
-------+----------+-------------------------------------------
     0 | D:1      | M4edhros the Octopode Artificer began the quest for the Orb.
     0 | D:1      | Reached XP level 1. HP: 13/13 MP: 3/3
   106 | D:1      | Reached XP level 2. HP: 8/18 MP: 4/4
   121 | D:2      | Found a faded altar of an unknown god.
   147 | D:2      | Became a worshipper of Gozag Ym Sagoz the Greedy
   498 | D:1      | Slain by a kobold

Vault maps used:
D:1:      roderic_crop_circles_arrival_small
D:2:      led_sif_pool, chequers_ecumenical_altar_simple,
          uniq_crazy_yiuf_cottage

Skill      XL: |  1  2 |
---------------+-------+-----
Stealth        | 2 3 |  3.7
Fighting       | |  1.0
Short Blades   | |  1.0
Dodging        | |  2.0
Evocations     | |  3.2

Action                   || total
-------------------------++-------
Melee: Short sword       ||    17
       Constrict         ||    11
       Tentacles         ||     4
       Flail             ||    13
 Stab: Sleeping          ||     1
Armor: Skin              ||     4
Dodge: Dodged            ||    21
